Blues vs Oilers

Created - Friday, October 16, 2015 at 03:02

Goals
1 2 3 OT1 SO T
Blues 1 0 0 0 1 1
Oilers 1 0 0 0 2 2
Shots
1 2 3 OT1 SO T
Blues 9 12 12 2 3 35
Oilers 8 6 13 1 3 28

1st period

1. Blues , Anders Lee 2 (Cam Atkinson) at 8:02
2. Oilers , Andrew Ladd 4 (Henrik Zetterberg, Nicklas Backstrom) at 11:31 (PP)

Penalties :
Jeremy Morin (StL) for Tripping (Minor) at 2:25, Ryan Ellis (StL) for Roughing (Minor) at 9:48, Anders Lee (StL) for Holding (Minor) at 12:10, Kris Letang (StL) for Hooking (Minor) at 15:01

2nd period

No Goal

Penalties :
Jason Demers (Edm) for Hooking (Minor) at 3:41, Josh Gorges (StL) for Roughing (Minor) at 3:56, Rick Nash (StL) for Hooking (Minor) at 19:44

3rd period

No Goal

Penalties :
Taylor Fedun (Edm) for Slashing (Minor) at 6:23, Nicklas Backstrom (Edm) for Delaying the game (Minor) at 13:20, Kris Letang (StL) for Slashing (Minor) at 18:42

Overtime #1

No Goal

Penalties :
No Penalty

Shootout

Penalty Shot by Rick Nash for Blues - Stopped by Jaroslav Halak
Penalty Shot by David Desharnais for Oilers - Stopped by Henrik Lundqvist
Penalty Shot by Sean Couturier for Blues - Stopped by Jaroslav Halak
Penalty Shot by Andrew Ladd for Oilers - Goal!
Penalty Shot by Artem Anisimov for Blues - Goal!
Penalty Shot by Darren Helm for Oilers - Goal!

Penalties :
No Penalty

Goalie Stats

Henrik Lundqvist (StL), 27 saves from 28 shots - (0.964), OTL, 2-0-2, 65:00 minutes
Jaroslav Halak (Edm), 34 saves from 35 shots - (0.971), W, 2-2-0, 65:00 minutes

Players Stats for Blues

Player Name              G  A  P  +/- PIM S  H  SB GA TA FO     MP     PP MP  PK MP  
------------------------------------------------------------------------------------
Anders Lee               1  0  1   1  2   4  0  0  1  0  2/9    17:16   0:22   1:30 
Artem Anisimov           0  0  0   0  0   2  0  0  0  1  2/8    19:00   2:01   2:48 
Brandon Saad             0  0  0   0  0   4  1  0  1  0  0/1    14:21   2:12   2:48 
Cam Atkinson             0  1  1   1  0   4  2  0  1  0  2/5    15:24   0:00   0:15 
Hampus Lindholm          0  0  0   1  0   2  3  1  0  1  0/0    21:23   1:49   3:39 
Jeremy Morin             0  0  0   0  2   0  1  0  0  0  0/0     8:20   0:00   0:00 
Johan Franzen            0  0  0   1  0   0  1  0  1  0  0/0    13:23   0:00   0:44 
Josh Gorges              0  0  0   1  2   1  3  2  0  2  0/0    20:41   1:48   3:24 
Kevan Miller             0  0  0   0  0   0  0  0  0  0  0/0     3:52   0:00   0:00 
Kris Letang              0  0  0   0  4   5  2  0  0  1  0/0    23:45   2:24   4:52 
Mark Fayne               0  0  0   0  0   2  1  1  0  1  0/0    13:15   0:00   0:15 
Mark Stone               0  0  0   0  0   0  2  1  0  0  0/4    19:26   2:01   0:42 
Rick Nash                0  0  0   0  2   6  1  0  4  1  1/1    21:33   1:50   6:09 
Ryan Ellis               0  0  0   0  2   1  0  1  0  1  0/0    16:28   0:00   3:22 
Sean Couturier           0  0  0   0  0   0  0  0  1  1  8/19   23:07   2:12   8:08 
Steve Ott                0  0  0   0  0   1  0  1  0  0  2/9     8:13   0:00   0:00 
Tomas Tatar              0  0  0   0  0   3  0  0  3  0  0/0    15:25   2:01   0:00 
Zdeno Chara              0  0  0   0  0   0  4  2  0  1  0/0    31:24   2:24   8:14 

Players Stats for Oilers

Player Name              G  A  P  +/- PIM S  H  SB GA TA FO     MP     PP MP  PK MP  
------------------------------------------------------------------------------------
Andrew Ladd              1  0  1   0  0   2  4  0  1  1  0/0    22:52   6:02   2:06 
Andrew MacDonald         0  0  0   0  0   3  0  3  0  1  0/0    16:59   0:08   0:28 
Brayden McNabb           0  0  0   0  0   0  0  2  0  1  0/0    16:22   0:08   0:00 
Brayden Schenn           0  0  0   0  0   3  1  0  2  0  0/0    15:38   4:54   0:00 
Darren Helm              0  0  0   0  0   4  0  1  4  0  2/2    19:41   3:52   2:07 
David Desharnais         0  0  0   0  0   1  0  1  3  0  5/7    16:12   4:54   0:00 
Henrik Zetterberg        0  1  1   0  0   2  2  0  2  1  11/14  19:39   6:17   0:00 
Jamie McGinn             0  0  0  -1  0   1  0  0  1  0  0/0    10:20   0:00   0:00 
Jannik Hansen            0  0  0   0  0   0  1  0  1  1  1/1    10:18   0:00   0:00 
Jason Demers             0  0  0   0  2   4  0  2  0  0  0/0    20:54   3:52   0:28 
Lars Eller               0  0  0  -1  0   1  0  2  0  0  7/9    12:46   0:00   2:07 
Nick Bonino              0  0  0   0  0   0  1  1  0  1  1/1    17:51   4:54   2:06 
Nicklas Backstrom        0  1  1   0  2   1  2  0  4  0  12/22  20:45   6:02   0:00 
Niklas Hjalmarsson       0  0  0  -1  0   0  0  2  1  0  0/0    20:14   0:00   3:45 
Patrick Marleau          0  0  0   0  0   2  2  1  1  0  0/0    18:57   7:26   0:00 
Ryan McDonagh            0  0  0  -1  0   3  6  2  0  1  0/0    28:34   7:26   3:45 
Taylor Fedun             0  0  0   0  2   0  0  0  0  0  0/0    15:38   0:00   0:00 
Trevor Lewis             0  0  0  -1  0   1  0  0  2  0  0/0    10:20   0:00   0:00 

3 Stars

1 - Jaroslav Halak (Edm)
2 - Henrik Lundqvist (StL)
3 - Andrew Ladd (Edm)

Power Play

Blues - 0 on 3 Attempt(s) - 0.00%
Oilers - 1 on 7 Attempt(s) - 14.29%

Penalty Kill

Blues - 6 on 7 Attempt(s) - 85.71% - Score 0 goal in Penalty Kill
Oilers - 3 on 3 Attempt(s) - 100.00% - Score 0 goal in Penalty Kill

Team Stat

Blues - Hits : 21 - Faceoff Wins : 17 - Blocked Shots : 9 - Penalty Minutes : 14
Oilers - Hits : 19 - Faceoff Wins : 39 - Blocked Shots : 17 - Penalty Minutes : 6

Official

Referees : Unknown
Linesman : Unknown

Game Notes

No Game Note

Finance

Level 1 -- Attendance: 5352 (89.20%) -- Ticket Income $481,680
Level 2 -- Attendance: 3859 (77.18%) -- Ticket Income $239,258
Level 3 -- Attendance: 2000 (100.00%) -- Ticket Income $64,000
Level 4 -- Attendance: 3183 (79.58%) -- Ticket Income $63,660
Luxury Box -- Attendance: 736 (73.60%) -- Ticket Income $139,840
Game was played at the Rexall Place.
Total Attendance: 15130 (84.06%)
Total Ticket Income: $988,438
Other Income: $484,335
Total Income: $1,472,773

Blues

5 vs 5 Forward 
   Center                   Left Wing                Right Wing               Time % Phy DF OF 
 1 Sean Couturier           Rick Nash                Brandon Saad             35     1   2  2  
 2 Artem Anisimov           Tomas Tatar              Mark Stone               30     1   2  2  
 3 Anders Lee               Johan Franzen            Cam Atkinson             22     1   2  2  
 4 Steve Ott                Jeremy Morin             Rick Nash                13     1   2  2  

5 vs 5 Defense 
   Defense                  Defense                                           Time % Phy DF OF 
 1 Zdeno Chara              Kris Letang                                       35     1   2  2  
 2 Josh Gorges              Hampus Lindholm                                   30     1   2  2  
 3 Mark Fayne               Ryan Ellis                                        22     1   2  2  
 4 Kevan Miller             Zdeno Chara                                       13     1   2  2  

PowerPlay Forward 
   Center                   Left Wing                Right Wing               Time % Phy DF OF 
 1 Sean Couturier           Rick Nash                Brandon Saad             60     1   2  2  
 2 Artem Anisimov           Tomas Tatar              Mark Stone               40     1   2  2  

PowerPlay Defense
   Defense                  Defense                                           Time % Phy DF OF 
 1 Zdeno Chara              Kris Letang                                       60     1   2  2  
 2 Josh Gorges              Hampus Lindholm                                   40     1   2  2  

Penalty Kill 4 Players Forward 
   Center                   Wing                     Time % Phy DF OF 
 1 Sean Couturier           Rick Nash                60     1   2  2  
 2 Artem Anisimov           Brandon Saad             40     1   2  2  

Penalty Kill 4 Players Defense
   Defense                  Defense                  Time % Phy DF OF 
 1 Zdeno Chara              Kris Letang              60     1   2  2  
 2 Josh Gorges              Hampus Lindholm          40     1   2  2  

Penalty Kill - 3 Players Forward 
   Forward                                           Time % Phy DF OF 
 1 Mark Stone                                        60     1   2  2  
 2 Sean Couturier                                    40     1   2  2  

Penalty Kill - 3 Players Defense
   Defense                  Defense                  Time % Phy DF OF 
 1 Zdeno Chara              Kris Letang              60     1   2  2  
 2 Josh Gorges              Hampus Lindholm          40     1   2  2  

4 vs 4 Forward 
   Center                   Wing                     Time % Phy DF OF 
 1 Sean Couturier           Mark Stone               60     1   2  2  
 2 Artem Anisimov           Brandon Saad             40     1   2  2  

4 vs 4 Defense
   Defense                  Defense                  Time % Phy DF OF 
 1 Zdeno Chara              Kris Letang              60     1   2  2  
 2 Josh Gorges              Hampus Lindholm          40     1   2  2  

Last Minutes Offensive
   Center                   Left Wing                Right Wing               Defense                  Defense                  
   Sean Couturier           Rick Nash                Brandon Saad             Zdeno Chara              Kris Letang              

Last Minutes Defensive
   Center                   Left Wing                Right Wing               Defense                  Defense                  
   Sean Couturier           Rick Nash                Brandon Saad             Zdeno Chara              Kris Letang              

Goaltenders
Starting : Henrik Lundqvist         
Backup : Frederik Andersen        

Extra Forwards
Normal : Anders Lee, Cam Atkinson, Johan Franzen - PP : Anders Lee, Cam Atkinson - PK : Johan Franzen
Extra Defensemen
Normal : Mark Fayne, Ryan Ellis, Kevan Miller - PP : Mark Fayne - PK : Ryan Ellis, Kevan Miller
Penalty Shots
Rick Nash, Sean Couturier, Artem Anisimov, Brandon Saad, Mark Stone

Oilers

5 vs 5 Forward 
   Center                   Left Wing                Right Wing               Time % Phy DF OF 
 1 Nicklas Backstrom        Andrew Ladd              Patrick Marleau          33     1   1  3  
 2 Henrik Zetterberg        Nick Bonino              Brayden Schenn           33     1   1  3  
 3 David Desharnais         Darren Helm              Jannik Hansen            30     1   2  2  
 4 Lars Eller               Trevor Lewis             Jamie McGinn             4      1   2  2  

5 vs 5 Defense 
   Defense                  Defense                                           Time % Phy DF OF 
 1 Ryan McDonagh            Niklas Hjalmarsson                                35     1   4  0  
 2 Jason Demers             Andrew MacDonald                                  35     1   4  0  
 3 Brayden McNabb           Taylor Fedun                                      30     1   4  0  
 4 Ryan McDonagh            Niklas Hjalmarsson                                0      1   4  0  

PowerPlay Forward 
   Center                   Left Wing                Right Wing               Time % Phy DF OF 
 1 Nicklas Backstrom        Andrew Ladd              Henrik Zetterberg        60     1   0  4  
 2 David Desharnais         Nick Bonino              Brayden Schenn           40     1   0  4  

PowerPlay Defense
   Defense                  Defense                                           Time % Phy DF OF 
 1 Ryan McDonagh            Patrick Marleau                                   60     1   2  2  
 2 Jason Demers             Darren Helm                                       40     1   2  2  

Penalty Kill 4 Players Forward 
   Center                   Wing                     Time % Phy DF OF 
 1 Lars Eller               Darren Helm              50     1   4  0  
 2 Nick Bonino              Andrew Ladd              50     1   4  0  

Penalty Kill 4 Players Defense
   Defense                  Defense                  Time % Phy DF OF 
 1 Ryan McDonagh            Niklas Hjalmarsson       60     1   4  0  
 2 Jason Demers             Andrew MacDonald         40     1   4  0  

Penalty Kill - 3 Players Forward 
   Forward                                           Time % Phy DF OF 
 1 Nick Bonino                                       60     1   4  0  
 2 Lars Eller                                        40     1   4  0  

Penalty Kill - 3 Players Defense
   Defense                  Defense                  Time % Phy DF OF 
 1 Ryan McDonagh            Niklas Hjalmarsson       60     1   4  0  
 2 Jason Demers             Andrew MacDonald         40     1   4  0  

4 vs 4 Forward 
   Center                   Wing                     Time % Phy DF OF 
 1 Nicklas Backstrom        Andrew Ladd              60     1   0  4  
 2 Henrik Zetterberg        Patrick Marleau          40     1   0  4  

4 vs 4 Defense
   Defense                  Defense                  Time % Phy DF OF 
 1 Ryan McDonagh            Niklas Hjalmarsson       60     1   4  0  
 2 Jason Demers             Andrew MacDonald         40     1   4  0  

Last Minutes Offensive
   Center                   Left Wing                Right Wing               Defense                  Defense                  
   Nicklas Backstrom        Andrew Ladd              Henrik Zetterberg        Ryan McDonagh            Patrick Marleau          

Last Minutes Defensive
   Center                   Left Wing                Right Wing               Defense                  Defense                  
   Nick Bonino              Andrew Ladd              Darren Helm              Ryan McDonagh            Niklas Hjalmarsson       

Goaltenders
Starting : Jaroslav Halak           
Backup : Jeremy Smith             

Extra Forwards
Normal : Henrik Zetterberg, Darren Helm, David Desharnais - PP : Brayden Schenn, Patrick Marleau - PK : Patrick Marleau
Extra Defensemen
Normal : Brayden McNabb, Ryan McDonagh, Jason Demers - PP : Brayden McNabb - PK : Ryan McDonagh, Jason Demers
Penalty Shots
David Desharnais, Andrew Ladd, Darren Helm, Nick Bonino, Nicklas Backstrom

% Time on Ice - Blues

Lines # - Real PCT - Wanted PCT - Time Play
Normal Forward
1 - 22% - 35% - 9:14
2 - 32% - 30% - 13:40
3 - 27% - 22% - 11:45
4 - 19% - 13% - 8:13
Normal Defense
1 - 31% - 35% - 13:30
2 - 31% - 30% - 13:17
3 - 28% - 22% - 12:13
4 - 9% - 13% - 3:52
PP Forward
1 - 52% - 60% - 2:12
2 - 48% - 40% - 2:01
PP Defense
1 - 57% - 60% - 2:24
2 - 43% - 40% - 1:49
PK Forward
1 - 75% - 60% - 8:23
2 - 25% - 40% - 2:48
PK Defense
1 - 67% - 60% - 7:32
2 - 33% - 40% - 3:39
PK3 Forward
1 - 100% - 60% - 0:42
2 - 0% - 40% - 0:00
PK3 Defense
1 - 100% - 60% - 0:42
2 - 0% - 40% - 0:00
44 Forward
1 - 91% - 60% - 5:31
2 - 9% - 40% - 0:31
44 Defense
1 - 56% - 60% - 3:24
2 - 44% - 40% - 2:38
Last Minute Offensive  - 0:00
Last Minute Defensive  - 0:00
Total
Forward - 65:00
Defense - 65:00

% Time on Ice - Oilers

Lines # - Real PCT - Wanted PCT - Time Play
Normal Forward
1 - 27% - 33% - 11:23
2 - 25% - 33% - 10:51
3 - 24% - 30% - 10:18
4 - 24% - 4% - 10:20
Normal Defense
1 - 32% - 35% - 13:32
2 - 33% - 35% - 14:00
3 - 36% - 30% - 15:20
4 - 0% - 0% - 0:00
PP Forward
1 - 56% - 60% - 6:17
2 - 44% - 40% - 4:54
PP Defense
1 - 66% - 60% - 7:26
2 - 34% - 40% - 3:45
PK Forward
1 - 50% - 50% - 2:07
2 - 50% - 50% - 2:06
PK Defense
1 - 89% - 60% - 3:45
2 - 11% - 40% - 0:28
PK3 Forward
1 - 0% - 60%
2 - 0% - 40%
PK3 Defense
1 - 0% - 60%
2 - 0% - 40%
44 Forward
1 - 91% - 60% - 6:08
2 - 9% - 40% - 0:36
44 Defense
1 - 57% - 60% - 3:51
2 - 43% - 40% - 2:53
Last Minute Offensive  - 0:00
Last Minute Defensive  - 0:00
Total
Forward - 65:00
Defense - 65:00

Play by Play

1st period


0:01 of 1st period - Sean Couturier wins face-off versus Nicklas Backstrom in neutral zone.
0:29 of 1st period - Wrist shot by Brandon Saad.
0:29 of 1st period - Stopped by Jaroslav Halak with a rebound.
0:51 of 1st period - Zdeno Chara is hit by Patrick Marleau and loses puck.
1:12 of 1st period - Slapshot by Brayden Schenn.
1:12 of 1st period - Deflect By Nick Bonino.
1:12 of 1st period - Shot Misses the Net.
1:12 of 1st period - Puck is out of play.
1:13 of 1st period - Henrik Zetterberg wins face-off versus Anders Lee in Blues zone.
1:23 of 1st period - Slapshot by Brayden Schenn.
1:23 of 1st period - Shot Blocked by Josh Gorges.
1:25 of 1st period - Slapshot by Andrew MacDonald.
1:25 of 1st period - Stopped by Henrik Lundqvist with a rebound.
1:27 of 1st period - Slapshot by Jason Demers.
1:27 of 1st period - Shot Blocked by Hampus Lindholm.
1:29 of 1st period - Slapshot by Andrew MacDonald.
1:29 of 1st period - Shot Blocked by Josh Gorges.
1:31 of 1st period - Slapshot by Andrew MacDonald.
1:31 of 1st period - Stopped by Henrik Lundqvist without a rebound.
1:32 of 1st period - Jannik Hansen wins face-off versus Anders Lee in Blues zone.
2:25 of 1st period - Minor Penalty to Jeremy Morin for Tripping.
2:26 of 1st period - Rick Nash wins face-off versus Nicklas Backstrom in Blues zone.
3:34 of 1st period - Sean Couturier is hit by Brayden Schenn and loses puck.
4:25 of 1st period - Penalty to Jeremy Morin is over, Jeremy Morin is back on ice.
4:47 of 1st period - Slapshot by Anders Lee.
4:47 of 1st period - Stopped by Jaroslav Halak without a rebound.
4:48 of 1st period - Lars Eller wins face-off versus Anders Lee in Oilers zone.
4:48 of 1st period - Lars Eller is hit by Mark Fayne.
5:14 of 1st period - Snap shot by Jamie McGinn.
5:14 of 1st period - Stopped by Henrik Lundqvist with a rebound.
5:16 of 1st period - Slapshot by Brayden McNabb.
5:16 of 1st period - Shot Blocked by Ryan Ellis.
5:54 of 1st period - Slapshot by Zdeno Chara.
5:54 of 1st period - Shot Blocked by David Desharnais.
5:56 of 1st period - Snap shot by Artem Anisimov.
5:56 of 1st period - Shot Misses the Net.
6:04 of 1st period - Snap shot by Artem Anisimov.
6:04 of 1st period - Stopped by Jaroslav Halak with a rebound.
6:06 of 1st period - Snap shot by Kevan Miller.
6:06 of 1st period - Deflect By Tomas Tatar.
6:06 of 1st period - Shot Misses the Net.
6:06 of 1st period - Puck is out of play.
6:07 of 1st period - Henrik Zetterberg wins face-off versus Steve Ott in Oilers zone.
6:24 of 1st period - Snap shot by Rick Nash.
6:24 of 1st period - Shot Blocked by Andrew MacDonald.
6:26 of 1st period - Wrist shot by Josh Gorges.
6:26 of 1st period - Shot Blocked by Jason Demers.
6:28 of 1st period - Slapshot by Hampus Lindholm.
6:28 of 1st period - Stopped by Jaroslav Halak with a rebound.
6:30 of 1st period - Snap shot by Rick Nash.
6:30 of 1st period - Stopped by Jaroslav Halak with a rebound.
6:32 of 1st period - Slapshot by Josh Gorges.
6:32 of 1st period - Deflect By Rick Nash.
6:32 of 1st period - Shot Misses the Net.
6:32 of 1st period - Puck is out of play.
6:33 of 1st period - Nicklas Backstrom wins face-off versus Mark Stone in Oilers zone.
6:46 of 1st period - Wrist shot by Andrew Ladd.
6:46 of 1st period - Shot Misses the Net.
6:56 of 1st period - Wrist shot by Patrick Marleau.
6:56 of 1st period - Stopped by Henrik Lundqvist with a rebound.
7:51 of 1st period - Niklas Hjalmarsson is hit by Josh Gorges and loses puck.
8:02 of 1st period - Snap shot by Anders Lee.
8:02 of 1st period - Goal by Anders Lee - Blues : 1 - Oilers : 0.
8:03 of 1st period - Henrik Zetterberg wins face-off versus Artem Anisimov in neutral zone.
9:46 of 1st period - Wrist shot by Nicklas Backstrom.
9:46 of 1st period - Shot Blocked by Mark Fayne.
9:48 of 1st period - Minor Penalty to Ryan Ellis for Roughing.
9:49 of 1st period - Nicklas Backstrom wins face-off versus Sean Couturier in Blues zone.
9:58 of 1st period - Snap shot by Andrew Ladd.
9:58 of 1st period - Stopped by Henrik Lundqvist with a rebound.
10:00 of 1st period - Wrist shot by Ryan McDonagh.
10:00 of 1st period - Stopped by Henrik Lundqvist without a rebound.
10:01 of 1st period - Nicklas Backstrom wins face-off versus Sean Couturier in Blues zone.
10:54 of 1st period - Wrist shot by Artem Anisimov.
10:54 of 1st period - Stopped by Jaroslav Halak with a rebound.
11:00 of 1st period - Artem Anisimov is hit by Ryan McDonagh and loses puck.
11:11 of 1st period - Slapshot by David Desharnais.
11:11 of 1st period - Stopped by Henrik Lundqvist without a rebound.
11:12 of 1st period - Nicklas Backstrom wins face-off versus Sean Couturier in Blues zone.
11:21 of 1st period - Slapshot by Nicklas Backstrom.
11:21 of 1st period - Shot Misses the Net.
11:31 of 1st period - Snap shot by Andrew Ladd.
11:31 of 1st period - Goal by Andrew Ladd - Blues : 1 - Oilers : 1.
11:32 of 1st period - Anders Lee wins face-off versus David Desharnais in neutral zone.
12:10 of 1st period - Minor Penalty to Anders Lee for Holding.
12:11 of 1st period - Nicklas Backstrom wins face-off versus Sean Couturier in Blues zone.
13:17 of 1st period - Brandon Saad is hit by Patrick Marleau.
13:23 of 1st period - Wrist shot by Brandon Saad.
13:23 of 1st period - Shot Misses the Net.
14:08 of 1st period - Artem Anisimov is hit by Ryan McDonagh and loses puck.
14:10 of 1st period - Penalty to Anders Lee is over, Anders Lee is back on ice.
14:17 of 1st period - Brayden Schenn is hit by Josh Gorges and loses puck.
14:36 of 1st period - Wrist shot by Cam Atkinson.
14:36 of 1st period - Shot Misses the Net.
14:53 of 1st period - Snap shot by Anders Lee.
14:53 of 1st period - Stopped by Jaroslav Halak without a rebound.
14:54 of 1st period - David Desharnais wins face-off versus Artem Anisimov in Oilers zone.
15:01 of 1st period - Minor Penalty to Kris Letang for Hooking.
15:02 of 1st period - Nicklas Backstrom wins face-off versus Sean Couturier in Blues zone.
15:08 of 1st period - Snap shot by Nicklas Backstrom.
15:08 of 1st period - Shot Misses the Net.
16:21 of 1st period - Ryan Ellis is hit by Andrew Ladd.
16:56 of 1st period - Nick Bonino is hit by Rick Nash and loses puck.
17:01 of 1st period - Penalty to Kris Letang is over, Kris Letang is back on ice.
18:11 of 1st period - Slapshot by Tomas Tatar.
18:11 of 1st period - Stopped by Jaroslav Halak with a rebound.
18:43 of 1st period - Icing by Brayden McNabb.
18:44 of 1st period - Anders Lee wins face-off versus Henrik Zetterberg in Oilers zone.
19:08 of 1st period - Off-side.
19:09 of 1st period - Artem Anisimov wins face-off versus Lars Eller in neutral zone.
Goals for this period are 1 for Blues vs 1 for Oilers.
Shots for this period are 9 for Blues vs 8 for Oilers.

2nd period


0:01 of 2nd period - Henrik Zetterberg wins face-off versus Sean Couturier in neutral zone.
0:04 of 2nd period - Zdeno Chara is hit by Henrik Zetterberg and loses puck.
0:13 of 2nd period - Slapshot by Brayden Schenn.
0:13 of 2nd period - Stopped by Henrik Lundqvist with a rebound.
0:15 of 2nd period - Snap shot by Nick Bonino.
0:15 of 2nd period - Shot Misses the Net.
0:17 of 2nd period - Slapshot by Jason Demers.
0:17 of 2nd period - Stopped by Henrik Lundqvist without a rebound.
0:18 of 2nd period - Henrik Zetterberg wins face-off versus Sean Couturier in Blues zone.
0:47 of 2nd period - Snap shot by Rick Nash.
0:47 of 2nd period - Stopped by Jaroslav Halak with a rebound.
1:06 of 2nd period - Wrist shot by Andrew Ladd.
1:06 of 2nd period - Shot Misses the Net.
2:02 of 2nd period - Snap shot by Darren Helm.
2:02 of 2nd period - Stopped by Henrik Lundqvist with a rebound.
2:57 of 2nd period - Slapshot by Johan Franzen.
2:57 of 2nd period - Shot Misses the Net.
2:59 of 2nd period - Slapshot by Josh Gorges.
2:59 of 2nd period - Deflect By Johan Franzen.
2:59 of 2nd period - Shot Misses the Net.
2:59 of 2nd period - Puck is out of play.
3:00 of 2nd period - Sean Couturier wins face-off versus Henrik Zetterberg in Oilers zone.
3:03 of 2nd period - Slapshot by Sean Couturier.
3:03 of 2nd period - Shot Misses the Net.
3:05 of 2nd period - Slapshot by Mark Fayne.
3:05 of 2nd period - Stopped by Jaroslav Halak without a rebound.
3:06 of 2nd period - Henrik Zetterberg wins face-off versus Brandon Saad in Oilers zone.
3:25 of 2nd period - Icing by Ryan Ellis.
3:26 of 2nd period - Sean Couturier wins face-off versus Nicklas Backstrom in Blues zone.
3:26 of 2nd period - Sean Couturier is hit by Nicklas Backstrom.
3:32 of 2nd period - Wrist shot by Rick Nash.
3:32 of 2nd period - Stopped by Jaroslav Halak with a rebound.
3:36 of 2nd period - Backhand shot by Brandon Saad.
3:36 of 2nd period - Shot Blocked by Niklas Hjalmarsson.
3:38 of 2nd period - Snap shot by Brandon Saad.
3:38 of 2nd period - Stopped by Jaroslav Halak without a rebound.
3:39 of 2nd period - Henrik Zetterberg wins face-off versus Anders Lee in Oilers zone.
3:41 of 2nd period - Minor Penalty to Jason Demers for Hooking.
3:42 of 2nd period - Lars Eller wins face-off versus Sean Couturier in Oilers zone.
3:42 of 2nd period - Lars Eller is hit by Hampus Lindholm.
3:56 of 2nd period - Minor Penalty to Josh Gorges for Roughing.
3:57 of 2nd period - Nicklas Backstrom wins face-off versus Sean Couturier in Blues zone.
4:11 of 2nd period - Snap shot by Andrew Ladd.
4:11 of 2nd period - Shot Misses the Net.
4:13 of 2nd period - Slapshot by Ryan McDonagh.
4:13 of 2nd period - Shot Misses the Net.
4:15 of 2nd period - Snap shot by Ryan McDonagh.
4:15 of 2nd period - Stopped by Henrik Lundqvist with a rebound.
5:15 of 2nd period - Off-side.
5:16 of 2nd period - Sean Couturier wins face-off versus Nicklas Backstrom in neutral zone.
5:41 of 2nd period - Penalty to Jason Demers is over, Jason Demers is back on ice.
5:55 of 2nd period - Wrist shot by Henrik Zetterberg.
5:55 of 2nd period - Shot Misses the Net.
5:56 of 2nd period - Penalty to Josh Gorges is over, Josh Gorges is back on ice.
6:29 of 2nd period - Wrist shot by Jeremy Morin.
6:29 of 2nd period - Shot Blocked by Darren Helm.
6:31 of 2nd period - Slapshot by Zdeno Chara.
6:31 of 2nd period - Deflect By Rick Nash.
6:31 of 2nd period - Stopped by Jaroslav Halak without a rebound.
6:32 of 2nd period - Lars Eller wins face-off versus Steve Ott in Oilers zone.
7:15 of 2nd period - Wrist shot by Tomas Tatar.
7:15 of 2nd period - Shot Misses the Net.
7:29 of 2nd period - Wrist shot by Tomas Tatar.
7:29 of 2nd period - Stopped by Jaroslav Halak without a rebound.
7:30 of 2nd period - Henrik Zetterberg wins face-off versus Anders Lee in Oilers zone.
7:58 of 2nd period - Snap shot by Anders Lee.
7:58 of 2nd period - Stopped by Jaroslav Halak with a rebound.
8:20 of 2nd period - David Desharnais is hit by Zdeno Chara and loses puck.
9:08 of 2nd period - Andrew Ladd is hit by Hampus Lindholm and loses puck.
9:56 of 2nd period - Snap shot by Jamie McGinn.
9:56 of 2nd period - Deflect By Trevor Lewis.
9:56 of 2nd period - Stopped by Henrik Lundqvist with a rebound.
11:30 of 2nd period - Rick Nash is hit by Nicklas Backstrom and loses puck.
12:03 of 2nd period - Kris Letang is hit by Nick Bonino and loses puck.
13:03 of 2nd period - Artem Anisimov is hit by Andrew Ladd and loses puck.
13:23 of 2nd period - Slapshot by Ryan Ellis.
13:23 of 2nd period - Shot Blocked by Lars Eller.
13:25 of 2nd period - Wrist shot by Sean Couturier.
13:25 of 2nd period - Shot Blocked by Lars Eller.
13:27 of 2nd period - Snap shot by Sean Couturier.
13:27 of 2nd period - Shot Misses the Net.
13:29 of 2nd period - Slapshot by Mark Fayne.
13:29 of 2nd period - Stopped by Jaroslav Halak with a rebound.
14:17 of 2nd period - Off-side.
14:18 of 2nd period - Sean Couturier wins face-off versus Nicklas Backstrom in neutral zone.
14:39 of 2nd period - Nicklas Backstrom is hit by Kris Letang and loses puck.
15:01 of 2nd period - Wrist shot by Darren Helm.
15:01 of 2nd period - Stopped by Henrik Lundqvist without a rebound.
15:02 of 2nd period - David Desharnais wins face-off versus Cam Atkinson in Blues zone.
15:19 of 2nd period - Snap shot by Jeremy Morin.
15:19 of 2nd period - Shot Misses the Net.
15:47 of 2nd period - Artem Anisimov is hit by Henrik Zetterberg and loses puck.
17:18 of 2nd period - Slapshot by Johan Franzen.
17:18 of 2nd period - Shot Misses the Net.
17:20 of 2nd period - Slapshot by Kris Letang.
17:20 of 2nd period - Shot Misses the Net.
17:22 of 2nd period - Wrist shot by Cam Atkinson.
17:22 of 2nd period - Shot Misses the Net.
17:26 of 2nd period - Slapshot by Kris Letang.
17:26 of 2nd period - Stopped by Jaroslav Halak with a rebound.
17:28 of 2nd period - Snap shot by Cam Atkinson.
17:28 of 2nd period - Shot Misses the Net.
17:40 of 2nd period - Nicklas Backstrom is hit by Mark Stone and loses puck.
17:49 of 2nd period - Snap shot by Tomas Tatar.
17:49 of 2nd period - Shot Blocked by Niklas Hjalmarsson.
17:51 of 2nd period - Slapshot by Mark Fayne.
17:51 of 2nd period - Deflect By Tomas Tatar.
17:51 of 2nd period - Stopped by Jaroslav Halak with a rebound.
17:53 of 2nd period - Slapshot by Ryan Ellis.
17:53 of 2nd period - Shot Misses the Net.
18:34 of 2nd period - Andrew MacDonald is hit by Mark Stone and loses puck.
18:38 of 2nd period - Icing by Jason Demers.
18:39 of 2nd period - Darren Helm wins face-off versus Artem Anisimov in Oilers zone.
19:20 of 2nd period - Trevor Lewis is hit by Hampus Lindholm and loses puck.
19:31 of 2nd period - Snap shot by Cam Atkinson.
19:31 of 2nd period - Stopped by Jaroslav Halak with a rebound.
19:33 of 2nd period - Slapshot by Kris Letang.
19:33 of 2nd period - Stopped by Jaroslav Halak with a rebound.
19:44 of 2nd period - Minor Penalty to Rick Nash for Hooking.
19:45 of 2nd period - Sean Couturier wins face-off versus Nicklas Backstrom in Blues zone.
19:55 of 2nd period - Off-side.
19:56 of 2nd period - Sean Couturier wins face-off versus Nicklas Backstrom in neutral zone.
Goals for this period are 0 for Blues vs 0 for Oilers.
Shots for this period are 12 for Blues vs 6 for Oilers.

3rd period


0:01 of 3rd period - Nicklas Backstrom wins face-off versus Sean Couturier in neutral zone.
0:52 of 3rd period - Zdeno Chara is hit by Ryan McDonagh.
1:16 of 3rd period - Wrist shot by Brayden Schenn.
1:16 of 3rd period - Stopped by Henrik Lundqvist with a rebound.
1:18 of 3rd period - Slapshot by Nick Bonino.
1:18 of 3rd period - Shot Hit the Post.
1:20 of 3rd period - Wrist shot by Jason Demers.
1:20 of 3rd period - Stopped by Henrik Lundqvist with a rebound.
1:22 of 3rd period - Slapshot by Darren Helm.
1:22 of 3rd period - Stopped by Henrik Lundqvist with a rebound.
1:38 of 3rd period - Snap shot by Henrik Zetterberg.
1:38 of 3rd period - Shot Blocked by Zdeno Chara.
1:44 of 3rd period - Penalty to Rick Nash is over, Rick Nash is back on ice.
1:56 of 3rd period - Wrist shot by Jamie McGinn.
1:56 of 3rd period - Shot Misses the Net.
1:58 of 3rd period - Snap shot by Lars Eller.
1:58 of 3rd period - Shot Misses the Net.
2:00 of 3rd period - Slapshot by Ryan McDonagh.
2:00 of 3rd period - Stopped by Henrik Lundqvist with a rebound.
2:02 of 3rd period - Snap shot by Trevor Lewis.
2:02 of 3rd period - Shot Misses the Net.
2:14 of 3rd period - Snap shot by Trevor Lewis.
2:14 of 3rd period - Shot Misses the Net.
2:16 of 3rd period - Slapshot by Jamie McGinn.
2:16 of 3rd period - Shot Blocked by Zdeno Chara.
2:18 of 3rd period - Wrist shot by Trevor Lewis.
2:18 of 3rd period - Deflect By Jamie McGinn.
2:18 of 3rd period - Shot Misses the Net.
2:18 of 3rd period - Puck is out of play.
2:19 of 3rd period - Darren Helm wins face-off versus Steve Ott in Blues zone.
2:32 of 3rd period - Snap shot by Darren Helm.
2:32 of 3rd period - Shot Blocked by Steve Ott.
2:44 of 3rd period - Snap shot by Jeremy Morin.
2:44 of 3rd period - Shot Misses the Net.
2:46 of 3rd period - Slapshot by Josh Gorges.
2:46 of 3rd period - Stopped by Jaroslav Halak without a rebound.
2:47 of 3rd period - Henrik Zetterberg wins face-off versus Mark Stone in Oilers zone.
3:08 of 3rd period - Wrist shot by Henrik Zetterberg.
3:08 of 3rd period - Stopped by Henrik Lundqvist with a rebound.
3:10 of 3rd period - Wrist shot by Henrik Zetterberg.
3:10 of 3rd period - Stopped by Henrik Lundqvist with a rebound.
3:12 of 3rd period - Slapshot by Andrew MacDonald.
3:12 of 3rd period - Shot Blocked by Mark Stone.
3:14 of 3rd period - Slapshot by Andrew MacDonald.
3:14 of 3rd period - Stopped by Henrik Lundqvist with a rebound.
3:16 of 3rd period - Slapshot by Jason Demers.
3:16 of 3rd period - Stopped by Henrik Lundqvist with a rebound.
3:18 of 3rd period - Snap shot by Jason Demers.
3:18 of 3rd period - Stopped by Henrik Lundqvist without a rebound.
3:19 of 3rd period - Nicklas Backstrom wins face-off versus Steve Ott in Blues zone.
3:20 of 3rd period - Slapshot by Patrick Marleau.
3:20 of 3rd period - Stopped by Henrik Lundqvist without a rebound.
3:21 of 3rd period - Steve Ott wins face-off versus Nicklas Backstrom in Blues zone.
3:26 of 3rd period - Andrew Ladd is hit by Josh Gorges and loses puck.
3:33 of 3rd period - Wrist shot by Steve Ott.
3:33 of 3rd period - Shot Misses the Net.
3:35 of 3rd period - Wrist shot by Hampus Lindholm.
3:35 of 3rd period - Stopped by Jaroslav Halak with a rebound.
3:37 of 3rd period - Snap shot by Steve Ott.
3:37 of 3rd period - Stopped by Jaroslav Halak with a rebound.
3:39 of 3rd period - Wrist shot by Rick Nash.
3:39 of 3rd period - Stopped by Jaroslav Halak without a rebound.
3:40 of 3rd period - David Desharnais wins face-off versus Anders Lee in Oilers zone.
3:40 of 3rd period - David Desharnais is hit by Cam Atkinson.
3:56 of 3rd period - Wrist shot by Anders Lee.
3:56 of 3rd period - Shot Misses the Net.
4:06 of 3rd period - Ryan Ellis is hit by Jannik Hansen and loses puck.
5:34 of 3rd period - Ryan McDonagh is hit by Zdeno Chara.
5:46 of 3rd period - Brayden McNabb is hit by Zdeno Chara and loses puck.
6:23 of 3rd period - Minor Penalty to Taylor Fedun for Slashing.
6:24 of 3rd period - Lars Eller wins face-off versus Artem Anisimov in Oilers zone.
6:33 of 3rd period - Slapshot by Tomas Tatar.
6:33 of 3rd period - Shot Blocked by Nick Bonino.
6:35 of 3rd period - Slapshot by Kris Letang.
6:35 of 3rd period - Stopped by Jaroslav Halak without a rebound.
6:36 of 3rd period - Nick Bonino wins face-off versus Artem Anisimov in Oilers zone.
6:58 of 3rd period - Icing by Zdeno Chara.
6:59 of 3rd period - Lars Eller wins face-off versus Artem Anisimov in Blues zone.
7:12 of 3rd period - Ryan McDonagh is hit by Zdeno Chara and loses puck.
7:29 of 3rd period - Wrist shot by Darren Helm.
7:29 of 3rd period - Shot Misses the Net.
7:31 of 3rd period - Wrist shot by Darren Helm.
7:31 of 3rd period - Stopped by Henrik Lundqvist with a rebound.
8:00 of 3rd period - Josh Gorges is hit by Ryan McDonagh and loses puck.
8:11 of 3rd period - Snap shot by Tomas Tatar.
8:11 of 3rd period - Shot Misses the Net.
8:23 of 3rd period - Penalty to Taylor Fedun is over, Taylor Fedun is back on ice.
8:29 of 3rd period - Slapshot by Brandon Saad.
8:29 of 3rd period - Stopped by Jaroslav Halak with a rebound.
8:57 of 3rd period - Ryan McDonagh is hit by Johan Franzen and loses puck.
9:04 of 3rd period - Snap shot by Anders Lee.
9:04 of 3rd period - Shot Blocked by Ryan McDonagh.
9:06 of 3rd period - Slapshot by Mark Fayne.
9:06 of 3rd period - Shot Blocked by Patrick Marleau.
9:08 of 3rd period - Slapshot by Ryan Ellis.
9:08 of 3rd period - Stopped by Jaroslav Halak with a rebound.
9:10 of 3rd period - Wrist shot by Johan Franzen.
9:10 of 3rd period - Shot Misses the Net.
9:28 of 3rd period - Steve Ott is hit by Andrew Ladd and loses puck.
9:40 of 3rd period - Ryan McDonagh is hit by Jeremy Morin and loses puck.
11:19 of 3rd period - Slapshot by Rick Nash.
11:19 of 3rd period - Shot Misses the Net.
11:21 of 3rd period - Snap shot by Rick Nash.
11:21 of 3rd period - Shot Misses the Net.
11:23 of 3rd period - Backhand shot by Hampus Lindholm.
11:23 of 3rd period - Deflect By Rick Nash.
11:23 of 3rd period - Shot Blocked by Brayden McNabb.
11:23 of 3rd period - Puck is out of play.
11:24 of 3rd period - Lars Eller wins face-off versus Steve Ott in Oilers zone.
12:04 of 3rd period - Brayden McNabb is hit by Brandon Saad and loses puck.
12:48 of 3rd period - Wrist shot by Rick Nash.
12:48 of 3rd period - Shot Blocked by Andrew MacDonald.
12:52 of 3rd period - Wrist shot by Rick Nash.
12:52 of 3rd period - Shot Misses the Net.
13:20 of 3rd period - Minor Penalty to Nicklas Backstrom for Delaying the game.
13:21 of 3rd period - Lars Eller wins face-off versus Sean Couturier in Oilers zone.
14:51 of 3rd period - Brandon Saad is hit by Ryan McDonagh and loses puck.
15:20 of 3rd period - Penalty to Nicklas Backstrom is over, Nicklas Backstrom is back on ice.
15:41 of 3rd period - Slapshot by Lars Eller.
15:41 of 3rd period - Stopped by Henrik Lundqvist without a rebound.
15:42 of 3rd period - Steve Ott wins face-off versus Lars Eller in Blues zone.
16:01 of 3rd period - Snap shot by Cam Atkinson.
16:01 of 3rd period - Stopped by Jaroslav Halak with a rebound.
16:19 of 3rd period - Brayden McNabb is hit by Cam Atkinson.
16:55 of 3rd period - Slapshot by Kris Letang.
16:55 of 3rd period - Deflect By Cam Atkinson.
16:55 of 3rd period - Stopped by Jaroslav Halak with a rebound.
16:57 of 3rd period - Slapshot by Kris Letang.
16:57 of 3rd period - Shot Blocked by Brayden McNabb.
16:59 of 3rd period - Slapshot by Kris Letang.
16:59 of 3rd period - Shot Misses the Net.
17:01 of 3rd period - Backhand shot by Kris Letang.
17:01 of 3rd period - Stopped by Jaroslav Halak with a rebound.
17:48 of 3rd period - Off-side.
17:49 of 3rd period - Artem Anisimov wins face-off versus David Desharnais in neutral zone.
17:56 of 3rd period - Off-side.
17:57 of 3rd period - David Desharnais wins face-off versus Steve Ott in neutral zone.
18:09 of 3rd period - Snap shot by Rick Nash.
18:09 of 3rd period - Stopped by Jaroslav Halak without a rebound.
18:10 of 3rd period - Henrik Zetterberg wins face-off versus Steve Ott in Oilers zone.
18:22 of 3rd period - Snap shot by Rick Nash.
18:22 of 3rd period - Shot Misses the Net.
18:24 of 3rd period - Wrist shot by Kris Letang.
18:24 of 3rd period - Deflect By Ryan McDonagh.
18:24 of 3rd period - Stopped by Jaroslav Halak without a rebound.
18:25 of 3rd period - Henrik Zetterberg wins face-off versus Cam Atkinson in Oilers zone.
18:25 of 3rd period - Henrik Zetterberg is hit by Kris Letang.
18:31 of 3rd period - Snap shot by Brayden Schenn.
18:31 of 3rd period - Stopped by Henrik Lundqvist without a rebound.
18:32 of 3rd period - David Desharnais wins face-off versus Anders Lee in Blues zone.
18:42 of 3rd period - Minor Penalty to Kris Letang for Slashing.
18:43 of 3rd period - Sean Couturier wins face-off versus Nicklas Backstrom in Blues zone.
Goals for this period are 0 for Blues vs 0 for Oilers.
Shots for this period are 12 for Blues vs 13 for Oilers.

Overtime #1


0:01 of 1st overtime period - Nicklas Backstrom wins face-off versus Mark Stone in neutral zone.
0:04 of 1st overtime period - Ryan Ellis is hit by Ryan McDonagh and loses puck.
0:20 of 1st overtime period - Off-side.
0:21 of 1st overtime period - Nicklas Backstrom wins face-off versus Mark Stone in neutral zone.
0:42 of 1st overtime period - Penalty to Kris Letang is over, Kris Letang is back on ice.
0:44 of 1st overtime period - Slapshot by Andrew Ladd.
0:44 of 1st overtime period - Shot Misses the Net.
2:18 of 1st overtime period - Hampus Lindholm is hit by Andrew Ladd and loses puck.
2:33 of 1st overtime period - Icing by Ryan McDonagh.
2:34 of 1st overtime period - Cam Atkinson wins face-off versus Nicklas Backstrom in Oilers zone.
2:49 of 1st overtime period - Wrist shot by Mark Stone.
2:49 of 1st overtime period - Shot Blocked by Andrew MacDonald.
2:51 of 1st overtime period - Slapshot by Zdeno Chara.
2:51 of 1st overtime period - Deflect By Cam Atkinson.
2:51 of 1st overtime period - Shot Blocked by Jason Demers.
2:51 of 1st overtime period - Puck is out of play.
2:52 of 1st overtime period - Cam Atkinson wins face-off versus Henrik Zetterberg in Oilers zone.
4:04 of 1st overtime period - Wrist shot by Brandon Saad.
4:04 of 1st overtime period - Stopped by Jaroslav Halak without a rebound.
4:05 of 1st overtime period - Nicklas Backstrom wins face-off versus Cam Atkinson in Oilers zone.
4:22 of 1st overtime period - Wrist shot by Nicklas Backstrom.
4:22 of 1st overtime period - Stopped by Henrik Lundqvist with a rebound.
4:49 of 1st overtime period - Backhand shot by Cam Atkinson.
4:49 of 1st overtime period - Stopped by Jaroslav Halak with a rebound.
4:51 of 1st overtime period - Slapshot by Zdeno Chara.
4:51 of 1st overtime period - Shot Blocked by Ryan McDonagh.
Goals for this period are 0 for Blues vs 0 for Oilers.
Shots for this period are 2 for Blues vs 1 for Oilers.

ShootOut


5:00 of 1st overtime period - Penalty Shot by Rick Nash for Blues.
5:00 of 1st overtime period - Deke by Rick Nash.
5:00 of 1st overtime period - Stopped by Jaroslav Halak.
5:00 of 1st overtime period - Penalty Shot by David Desharnais for Oilers.
5:00 of 1st overtime period - Wrist shot by David Desharnais.
5:00 of 1st overtime period - Stopped by Henrik Lundqvist.
5:00 of 1st overtime period - Penalty Shot by Sean Couturier for Blues.
5:00 of 1st overtime period - Snap shot by Sean Couturier.
5:00 of 1st overtime period - Stopped by Jaroslav Halak.
5:00 of 1st overtime period - Penalty Shot by Andrew Ladd for Oilers.
5:00 of 1st overtime period - Snap shot by Andrew Ladd.
5:00 of 1st overtime period - Goal by Andrew Ladd.
5:00 of 1st overtime period - Penalty Shot by Artem Anisimov for Blues.
5:00 of 1st overtime period - Backhand shot by Artem Anisimov.
5:00 of 1st overtime period - Goal by Artem Anisimov.
5:00 of 1st overtime period - Penalty Shot by Darren Helm for Oilers.
5:00 of 1st overtime period - Wrist shot by Darren Helm.
5:00 of 1st overtime period - Goal by Darren Helm.